 Dungeon Crawl Stone Soup version 0.20.0-15-g7f486f2 (console) character file.

112 removed the Ruffian (level 4, 0/35 HPs)
             Began as a Centaur Transmuter on June 11, 2017.
             Succumbed to an adder's poison
             ... on level 2 of the Dungeon.
             The game lasted 00:02:29 (2781 turns).

removed the Ruffian (Centaur Transmuter)            Turns: 2781, Time: 00:02:29

Health: 0/35       AC:  4    Str: 14    XL:     4   Next: 64%
Magic:  6/6        EV:  9    Int: 12    God:
Gold:   57         SH:  0    Dex:  9    Spells: 5/6 levels left

rFire    . . .     SeeInvis .     - Unarmed
rCold    . . .     Gourm    +   (no shield)
rNeg     . . .     Faith    .   b - +0 robe
rPois    .         Spirit   .   (no helmet)
rElec    .         Reflect  .   (no cloak)
rCorr    .         Harm     .   (no gloves)
MR       .....                  (no barding)
Stlth    +.........             v - amulet of the gourmand
Regen    0.2/turn               (no ring)
MPRegen  0.1/turn               (no ring)

@: lethally poisoned (0 -> -1), very quick
A: hooves 3, deformed body, speed 2, tough skin 3
a: no special abilities


You were on level 2 of the Dungeon.
You were not hungry.

You visited 1 branch of the dungeon, and saw 3 of its levels.

You collected 57 gold pieces.

Inventory:

Missiles
 a - 61 arrows
Armour
 b - a +0 robe (worn)
Jewellery
 v - an amulet of the gourmand (around neck)
Scrolls
 e - 7 scrolls of identify {unknown}
 h - a scroll of enchant armour {unknown}
 j - a scroll of noise {unknown}
 k - 2 scrolls of teleportation {unknown}
 r - a scroll of recharging {unknown}
 u - a scroll of fog {unknown}
Potions
 i - 2 potions of degeneration {unknown}
 l - a potion of berserk rage {unknown}
 o - a potion of agility {unknown}
 q - a potion of lignification {unknown}
 t - a potion of heal wounds {unknown}
Books
 c - a book of Changes

   Spells                             Type                      Level
   a - Beastly Appendage              Transmutation                1
   b - Sticks to Snakes               Transmutation                2
   c - Spider Form                    Transmutation/Poison         3
   d - Ice Form                       Ice/Transmutation            4
   e - Blade Hands                    Transmutation                5
Comestibles
 d - 2 bread rations
 g - 2 royal jellies
 m - 2 meat rations


   Skills:
 - Level 1.0 Fighting
 - Level 1.3 Dodging
 + Level 5.4 Unarmed Combat
 - Level 1.5 Spellcasting
 - Level 1.7 Transmutations


You had 5 spell levels left.
You knew the following spells:

 Your Spells              Type           Power        Failure   Level  Hunger
a - Beastly Appendage     Tmut           #.....       14%         1    ##.....


Dungeon Overview and Level Annotations

Branches:
Dungeon (3/15)

Altars:


Innate Abilities, Weirdness & Mutations

You have hooves in place of feet.
Armour fits poorly on your strangely shaped body.
You cover ground very quickly.
You have extremely tough skin. (AC +3)


Message History

The adder is almost dead.
The adder misses you.
Unknown command.
Unknown command.
You miss the adder. You kick the adder.
You kill the adder!
The worm bites you.
* * * LOW HITPOINT WARNING * * *
Unknown command.
* * * LOW HITPOINT WARNING * * *
You feel sick.
There is an open door here.
You see here an adder corpse.
* * * LOW HITPOINT WARNING * * *
You feel sick.
* * * LOW HITPOINT WARNING * * *
You feel sick.
* * * LOW HITPOINT WARNING * * *
You feel sick.
You die...

#.#.# #.#.# #.#.# #####
#.#.####### #.... #.#.#<....#
#.... #.#.#####.######### #....
#.................# #....
######>#.............# #....
.w..............@....########....
###..#.#...########..)......#....
#..#......................#....
#..##.###......#..........#....
#..##..##......#..........#....
#..###.##......#...............
#..#.(..'.....................<
#..#.#..#......##..............
###..#.##.#......##..............


There were no monsters in sight!

Vanquished Creatures
  3 gnolls (D:2)
  3 adders (D:2)
  A worm (D:2)
  2 dart slugs (D:1)
  2 leopard geckos
  2 giant cockroaches
  4 goblins (D:1)
  4 hobgoblins
  7 jackals
  7 kobolds
  7 bats
  A frilled lizard (D:2)
  7 rats
50 creatures vanquished.

Notes
Turn   | Place    | Note
-------+----------+-------------------------------------------
     0 | D:1      | removed the Centaur Transmuter began the quest for the Orb.
     0 | D:1      | Reached XP level 1. HP: 16/16 MP: 3/3
   109 | D:1      | Reached XP level 2. HP: 17/23 MP: 4/4
   590 | D:1      | Reached skill level 4 in Unarmed Combat
  1131 | D:2      | Reached XP level 3. HP: 23/28 MP: 5/5
  1611 | D:2      | Reached XP level 4. HP: 23/35 MP: 6/6
  1733 | D:2      | Reached skill level 5 in Unarmed Combat
  2776 | D:2      | HP: 1/35 [poisoned by an adder]
  2781 | D:2      | Succumbed to an adder's poison

Skill      XL: |  1  2  3  4 |
---------------+-------------+-----
Unarmed Combat | 4 5 |  5.4
Fighting       | |  1.0
Dodging        | |  1.3
Spellcasting   | |  1.5
Transmutations | |  1.7

Action                   |  1- 3 |  4- 6 || total
-------------------------+-------+-------++-------
Melee: Unarmed           |   120 |    86 ||   206
       Kick              |    23 |    14 ||    37
       Punch             |     1 |     1 ||     2
  Eat: Chunk             |     2 |     5 ||     7
Armor: Robe              |    33 |    24 ||    57
Dodge: Dodged            |    59 |    34 ||    93
